Map: Artillería pesada EE

Players

JoséAbelCast - Winner!

  • Race: Protoss Protoss
  • League: Gold
  • Spawn Location: 7:00

Grumion - Winner!

  • Race: Terran Terran
  • League: Silver
  • Spawn Location: 7:00

MrFercho

  • Race: Terran Terran
  • League: Silver
  • Spawn Location: 3:00

tigro

  • Race: Terran Terran
  • League: Bronze
  • Spawn Location: 1:00

VOD

Have the link to the VOD?

Description

Time

  • Played on: May 28, 2020, 10:13 p.m.
  • Length: 14:40
Show
View Real Time Build Order
Export as new Build Order

JoséAbelCast Protoss - Winner!

Build Orders: Chargelot Immortal 

Get SALT Encoding   

  12  0:08  Probe (Chrono Boost)  
  13  0:15  Pylon  
  13  0:20  Probe (Chrono Boost)  
  15  0:28  Probe (Chrono Boost)  
  15  0:34  Probe  
  15  0:42  Gateway  
  16  1:02  Assimilator  
  16  1:11  Assimilator  
  16  1:14  Assimilator  
  16  1:22  Assimilator  
  16  1:25  Assimilator  
  16  1:50  Assimilator  
  15  1:58  Gateway  
  15  2:00  Probe  
  16  2:03  Zealot  
  18  2:08  Cybernetics Core  
  18  2:10  Pylon  
  18  2:12  Probe (Chrono Boost)  
  19  2:24  Probe (Chrono Boost)  
  20  2:33  Probe (Chrono Boost)  
  21  2:38  Probe  
  21  2:39  Warp Gate (Chrono Boost)  
  22  2:52  Gateway  
  22  2:55  Gateway  
  22  3:00  Probe  
  22  3:03  Stalker  
  25  3:12  Probe  
  26  3:19  Pylon  
  26  3:24  Probe  
  27  3:31  Twilight Council  
  27  3:37  Stalker  
  29  3:45  Zealot  
  31  4:06  Twilight Council  
  31  4:17  Nexus  
  31  4:22  Stalker  
  33  4:34  Assimilator  
  33  4:37  Pylon  
  33  4:39  Stalker  
  33  4:40  Charge (Chrono Boost)  
  35  5:04  Shield Battery  
  35  5:08  Stalker  
  35  5:09  Stalker  
  39  5:14  Stalker  
  41  5:26  Assimilator  
  29  6:00  Zealot x4  
  31  6:15  Probe (Chrono Boost)  
  32  6:22  Zealot x4  
  32  6:25  Probe (Chrono Boost)  
  41  6:30  Probe (Chrono Boost)  
  42  6:41  Probe (Chrono Boost)  
  42  6:47  Probe (Chrono Boost)  
  42  6:49  Probe (Chrono Boost)  
  42  6:53  Probe (Chrono Boost)  
  40  7:05  Probe  
  39  7:17  Probe  
  40  7:24  Zealot x4  
  40  7:26  Probe  
  49  7:38  Probe  
  50  7:45  Robotics Facility  
  50  7:47  Robotics Facility  
  50  7:50  Probe, Gateway  
  51  7:51  Gateway  
  51  7:52  Zealot x2  
  39  8:41  Zealot x4  
  47  8:51  Immortal x2 (Chrono Boost)  
  47  8:54  Pylon  
  55  9:02  Pylon  
  55  9:05  Zealot x3  
  55  9:08  Probe (Chrono Boost)  
  63  9:18  Probe (Chrono Boost)  
  63  9:22  Probe (Chrono Boost), Pylon  
  63  9:23  Pylon  
  63  9:25  Pylon  
  64  9:34  Probe  
  65  9:46  Probe, Immortal (Chrono Boost)  
  65  9:50  Immortal (Chrono Boost)  
  74  9:58  Probe  
  75  10:12  Immortal (Chrono Boost)  
  73  11:03  Immortal x2 (Chrono Boost)  
  81  11:12  Stalker  
  81  11:13  Stalker x4  
  81  11:16  Zealot  
  93  12:41  Stalker x3  
  93  12:42  Stalker  
  101  12:49  Pylon  
  101  12:53  Pylon  
  101  12:57  Pylon  
  101  13:47  Pylon  
  101  13:48  Pylon  
  101  13:51  Pylon  
  101  13:54  Pylon  
Show
View Real Time Build Order
Export as new Build Order

Grumion Terran - Winner!

Build Orders:  

Get SALT Encoding   

  12  0:01  SCV  
  13  0:13  Refinery  
  13  0:27  Supply Depot  
  13  0:31  SCV  
  14  0:43  SCV  
  15  0:52  Supply Depot  
  15  0:55  Barracks  
  15  0:58  SCV  
  16  1:10  SCV  
  17  1:22  SCV  
  18  1:34  SCV  
  19  1:43  Refinery  
  19  1:46  SCV  
  20  1:55  Ghost Academy  
  20  1:56  Marine  
  20  1:58  SCV  
  22  2:10  SCV  
  22  2:14  Marine  
  24  2:20  Factory  
  24  2:23  SCV  
  25  2:31  Barracks  
  25  2:40  Barracks Tech Lab  
  25  2:45  SCV  
  26  2:54  Command Center  
  26  3:02  Personal Cloaking  
  26  3:10  Factory Tech Lab  
  26  3:21  Marine  
  27  3:29  Supply Depot  
  27  3:31  Ghost  
  29  3:39  Marine  
  30  3:41  SCV  
  31  3:54  SCV  
  32  3:58  Supply Depot  
  32  4:06  Barracks Reactor  
  32  4:07  Refinery  
  32  4:10  Ghost  
  32  4:15  SCV  
  35  4:21  SCV, Engineering Bay  
  36  4:27  SCV  
  37  4:33  SCV  
  38  4:39  Ghost  
  40  4:53  Marine x2  
  40  4:59  Supply Depot  
  42  5:03  SCV  
  43  5:07  Ghost  
  43  5:12  Refinery  
  45  5:16  SCV  
  46  5:23  Supply Depot  
  46  5:28  SCV  
  47  5:30  Marine x2  
  47  5:33  Siege Tank  
  52  5:36  Ghost  
  52  5:40  SCV  
  54  5:52  SCV  
  50  6:05  Ghost  
  52  6:31  Starport  
  52  6:32  Terran Infantry Weapons Level 1  
  52  6:34  Ghost  
  48  7:02  Ghost  
  48  7:18  Siege Tank  
  48  7:19  Medivac  
  51  7:31  Ghost  
  48  7:50  Siege Tank  
  51  8:16  Ghost  
  53  8:22  Siege Tank  
  53  8:26  Marine  
  57  8:27  Marine  
  58  8:44  Marine  
  58  8:45  Ghost, Marine  
  62  8:52  SCV  
  62  8:54  Siege Tank  
  62  8:55  Orbital Command  
  66  9:02  Marine x2  
  67  9:04  SCV  
  69  9:13  Ghost  
  69  9:16  SCV  
  72  9:20  Marine x2  
  74  9:28  SCV  
  75  9:37  Marine  
  75  9:38  Marine  
  76  9:40  SCV  
  75  9:55  Marine  
  75  9:56  Marine  
  70  11:27  Ghost  
  70  11:30  Marine  
  70  11:31  Marine  
  74  11:34  Medivac  
  76  11:48  Marine  
  76  11:49  Marine  
  78  11:58  Planetary Fortress  
  78  13:43  Ghost  
  78  13:44  Medivac, Marine x2  
  84  14:02  Marine x2  
Show
View Real Time Build Order
Export as new Build Order

MrFercho Terran 

Build Orders: Command Center First (CC) 

Get SALT Encoding   

  12  0:01  SCV  
  13  0:22  SCV  
  14  0:34  SCV  
  15  0:52  Command Center  
  15  1:15  Supply Depot  
  15  1:36  SCV  
  16  1:49  SCV  
  17  2:14  Refinery  
  17  2:16  SCV, Refinery  
  18  2:28  SCV x2  
  20  2:40  SCV x2  
  20  2:42  Barracks  
  22  2:52  SCV x2  
  24  3:05  SCV  
  25  3:17  SCV  
  26  3:20  Supply Depot  
  26  3:29  SCV  
  26  3:31  Barracks Reactor  
  27  3:40  Factory  
  27  3:41  SCV  
  28  3:44  Orbital Command  
  28  3:53  SCV  
  29  4:04  Command Center  
  29  4:05  SCV  
  30  4:21  Engineering Bay  
  30  4:24  SCV  
  31  4:37  SCV  
  32  4:45  Supply Depot  
  32  4:46  Marine  
  32  4:47  Marine  
  32  4:49  SCV  
  32  4:52  Planetary Fortress  
  35  4:58  Starport  
  35  5:01  SCV  
  35  5:04  Marine  
  35  5:05  Marine  
  38  5:13  SCV, Sensor Tower  
  39  5:22  Refinery, Marine x2  
  39  5:27  Refinery  
  41  5:31  Missile Turret  
  41  5:34  Missile Turret  
  41  5:35  SCV  
  42  5:40  Marine x2  
  44  5:47  SCV  
  44  5:53  Missile Turret  
  39  5:58  Marine x2  
  39  5:59  SCV  
  42  6:11  SCV  
  42  6:15  Marine  
  42  6:16  Marine  
  44  6:23  SCV  
  45  6:33  Marine  
  45  6:34  Marine  
  45  6:39  Missile Turret  
  47  6:41  SCV  
  48  6:50  Liberator  
  48  6:51  Marine  
  48  6:53  SCV  
  46  7:03  Hellion  
  46  7:05  SCV  
  46  7:08  Marine  
  49  7:09  Marine  
  49  7:13  Orbital Command  
  49  7:25  Hellion  
  53  7:33  Liberator  
  52  7:46  Hellion, Barracks  
  51  8:08  Hellion  
  49  8:29  Hellion  
  51  8:48  SCV  
  52  9:01  SCV  
  53  9:12  Barracks  
  53  9:13  SCV  
  53  9:15  Factory Tech Lab  
  54  9:17  Starport Tech Lab  
  54  9:25  SCV, Missile Turret  
  55  9:37  SCV  
  52  9:43  Siege Tank  
  55  10:00  Banshee  
  58  10:07  Marine x2  
  60  10:25  Marine  
  60  10:27  Supply Depot  
  61  10:38  Marine  
  59  10:43  Banshee, Marine, Siege Tank  
  59  10:49  Supply Depot  
  51  11:13  Supply Depot  
  51  11:28  SCV  
  51  11:30  Supply Depot  
  49  11:32  Barracks  
  49  11:33  Engineering Bay  
  49  11:35  Supply Depot  
  49  11:37  Supply Depot  
  49  11:38  Fusion Core  
  49  11:40  SCV  
  47  11:53  SCV  
  32  12:05  SCV  
  22  12:17  SCV  
  23  12:26  Factory  
  23  12:33  Factory  
  23  12:43  Supply Depot  
  23  12:45  Supply Depot, Advanced Ballistics  
  23  13:08  Supply Depot  
  23  13:09  Supply Depot  
  23  13:11  Factory Tech Lab  
  23  13:21  Starport  
  23  13:24  Factory Tech Lab  
  23  13:35  Siege Tank  
  26  13:56  Ghost Academy  
Show
View Real Time Build Order
Export as new Build Order

tigro Terran 

Build Orders:  

Get SALT Encoding   

  12  0:03  SCV  
  13  0:15  SCV  
  14  0:21  Supply Depot  
  14  0:27  SCV  
  15  0:35  Refinery  
  15  0:43  SCV  
  16  0:57  Barracks  
  16  1:02  SCV  
  17  1:14  SCV  
  18  1:27  SCV  
  19  1:39  SCV  
  20  1:40  Refinery  
  20  1:57  Marine  
  21  2:03  Barracks  
  21  2:06  SCV  
  22  2:15  Marine  
  23  2:28  Supply Depot  
  23  2:49  SCV, Marine  
  25  2:52  Barracks Tech Lab  
  25  3:01  SCV  
  25  3:03  Engineering Bay  
  26  3:07  Marine  
  27  3:14  SCV  
  28  3:21  Command Center  
  28  3:25  Marine  
  28  3:26  SCV  
  30  3:37  Stimpack  
  30  3:43  Orbital Command  
  30  3:53  Terran Infantry Weapons Level 1  
  30  4:00  Refinery  
  30  4:05  Barracks Tech Lab  
  30  4:07  Marine  
  31  4:23  Factory  
  31  4:25  Marine  
  32  4:43  Planetary Fortress, Marine  
  33  4:50  Refinery  
  33  4:53  Combat Shield  
  33  4:58  Marine  
  34  5:00  Marine  
  35  5:14  Factory Tech Lab  
  35  5:15  Marine  
  35  5:17  Concussive Shells  
  36  5:22  Armory  
  36  5:28  SCV  
  37  5:33  Marine  
  38  5:40  SCV  
  36  5:47  Terran Infantry Armor Level 1  
  28  5:51  Marine  
  28  5:52  SCV  
  30  5:59  Marine  
  31  6:09  Marine  
  32  6:17  Marine  
  33  6:27  Marine  
  34  6:35  Marine  
  35  6:44  Starport, Marine  
  33  6:53  Marine  
  31  7:02  Marine  
  31  7:10  Marine  
  28  7:16  Siege Tank  
  28  7:20  Marine  
  11  7:38  Marine  
  11  7:41  Neosteel Armor  
  10  7:56  Marine  
  11  7:59  Marine  
  8  8:07  Starport Tech Lab  
  8  8:13  Marine  
  8  8:17  Marine  
  10  8:31  Marine  
  9  8:35  Marine  
  9  8:38  Command Center  
  10  8:47  Siege Tank  
  13  8:49  Marine  
  13  8:52  Marine  
  13  8:53  SCV  
  16  9:05  SCV  
  16  9:07  Marine  
  18  9:10  Marine  
  19  9:17  SCV  
  19  9:21  Hi-Sec Auto Tracking  
  10  9:45  SCV  
  10  9:57  SCV  
  11  10:09  SCV  
  11  10:10  Orbital Command  
  12  10:22  Marine  
  10  10:45  Marauder  
Tags
 
Add a new tag
Caveats
  • Supply blocks, unpowered buildings, or Contaminate may cause inaccurate times.
  • Supply counts are checked every 10 seconds.